 Dungeon Crawl Stone Soup version 0.32-a0-938-g40ac7a0 (webtiles) character file.

Game seed: 14957299726170921022

227 Ubbricas the Magician (level 6, -1/40 HPs)
             Began as a Djinni Earth Elementalist on Apr 16, 2024.
             Slain by a bullfrog simulacrum (6 damage)
             ... in an ossuary.
             The game lasted 00:02:32 (1443 turns).

Ubbricas the Magician (Djinni Earth Elementalist)   Turns: 1443, Time: 00:02:33

Health: -1/40      AC:  2    Str:  7    XL:     6   Next: 22%
Gold:   84         EV: 11    Int: 19    God:
                   SH:  0    Dex: 13

rFire   + + .        (no weapon)
rCold   x . .        (no shield)
rNeg    . . .        a - +0 robe
rPois   ∞            (no helmet)
rElec   .            (no cloak)
rCorr   .            (no gloves)
SInv    .            (boots unavailable)
Will    .....        (no amulet)
Stlth   ++           (no ring)
HPRegen 0.26/turn    (no ring)

%: infuse magic (-2 HP)
@: flying
A: sickness immunity, fire resistance 2, cold vulnerability 1, float, innate
caster, HP casting, extra vitality 1
a: no special abilities


You were in an ossuary.
You visited 1 branch of the dungeon, and saw 3 of its levels.
You also visited: Ossuary.

You collected 84 gold pieces.

Inventory:

Missiles
 d - 2 poisoned darts
Armour
 a - a +0 robe (worn)
Potions
 b - 4 potions of curing
 c - 2 potions of heal wounds {unknown}
 f - a potion of enlightenment {unknown}
 g - a potion of berserk rage {unknown}


   Skills:
 - Level 2.1 Dodging
 - Level 1.5 Stealth
 + Level 5.4 Spellcasting
 + Level 5.4 Conjurations
 + Level 5.4 Hexes
 + Level 5.4 Summonings
 + Level 5.4 Necromancy
 + Level 5.4 Translocations
 + Level 5.4 Fire Magic
 + Level 5.4 Ice Magic
 + Level 5.4 Air Magic
 + Level 5.4 Earth Magic
 + Level 5.4 Alchemy


You knew the following spells:

 Your Spells              Type           Power      Damage    Failure   Level
a - Sandblast             Erth           52%        2d12      1%          1
b - Passwall              Erth           26%        N/A       3%          3
c - Stone Arrow           Conj/Erth      52%        3d10      3%          3
d - Petrify               Alch/Erth      26%        N/A       12%         4
e - Brom's Barrelling Bo  Conj/Erth      26%        2d5       12%         4
f - Slow                  Hex            100%       N/A       1%          1
g - Scorch                Fire           52%        2d7       1%          2
Your spell library was empty.

Dungeon Overview and Level Annotations

Branches:
Dungeon (4/15)            Ossuary (1/1)
 Temple: D:4-7

Altars:


Innate Abilities, Weirdness & Mutations

You are immune to sickness and miasma.
You are immune to poison.
Your flesh is very heat resistant. (rF++)
You are vulnerable to cold. (rC-)
You float through the air rather than walking.
You learn spells naturally, not from books.
Your magical power is your life essence.
You have superior vitality. (+4 MHP)


Message History

You destroy the kobold zombie!
You can't see any susceptible monsters within range! (Use Z to cast anyway.)
You can't see any susceptible monsters within range! (Use Z to cast anyway.)
You reach down and open the large door.
There is a large open door here.
You reach down and open the large door. 2 gnoll simulacra, a jackal simulacrum, 3 hound simulacra and a bullfrog simulacrum come into view.
Unknown command.
The blast of sand hits the gnoll simulacrum!
The gnoll simulacrum vaporises!
Unknown command.
The blast of sand hits the hound simulacrum.
The hound simulacrum is heavily damaged.
The hound simulacrum completely misses you.
The hound simulacrum bites you. The hound simulacrum freezes you!
You feel a terrible chill!
Unknown command.
The blast of sand hits the hound simulacrum!
The hound simulacrum vaporises!
The bullfrog simulacrum hits you. The bullfrog simulacrum freezes you!
You feel a terrible chill!
* * * LOW HITPOINT WARNING * * *
Unknown command.
Casting: Sandblast (safe; 1% risk of failure)
Confirm with . or Enter, or press ? or * to list all spells.
Aiming: Stone Arrow (dangerous; 3% risk of failure)
Press: ? - help, Shift-Dir - straight line, f - hound simulacrum
Aim: a hound simulacrum (79% to hit)
The stone arrow hits the hound simulacrum!!
The hound simulacrum vaporises!
* * * LOW HITPOINT WARNING * * *
The bullfrog simulacrum barely misses you.
Unknown command.
As you read the scroll labelled BIWKOE ADGHEPLE, it crumbles to dust.
It is a scroll of identify.
b - 4 potions of curing The bullfrog simulacrum hits you but does no damage.
The hound simulacrum closely misses you.
The bullfrog simulacrum hits you.
You die...

#++ #.. ##..
# #.^# ..#
##.Z#....#
.#
#.@ZZ....#
.#
#.##Z....#
^. #..+
....# +.#
##.+# ...#
#..# #.^##
..# ##^^#
##..## .#
#..# ##..##
# ''#######
#######''###
...##.#.#
#.#.##.....#


You could see a jackal simulacrum, a hound simulacrum, a bullfrog simulacrum and
a gnoll simulacrum.

Vanquished Creatures
  A black bear (D:4)
  2 hound zombies (D:4)
  2 hound skeletons (D:4)
  2 adders (D:2)
  2 hound simulacra (Ossuary)
  An adder skeleton (D:4)
  3 endoplasms
  6 gnoll zombies (Ossuary)
  3 goblins
  5 hobgoblins
  4 kobolds
  2 quokkas
  3 ball pythons (D:1)
  4 bats
  2 frilled lizards (D:1)
  A gnoll simulacrum (Ossuary)
  6 kobold zombies (Ossuary)
  2 orc zombies (Ossuary)
  3 rats (D:1)
54 creatures vanquished.

Notes
Turn   | Place    | Note
-------+----------+-------------------------------------------
     0 | D:1      | Ubbricas the Djinni Earth Elementalist began the quest for
                  | the Orb.
     0 | D:1      | Ubbricas set off with the following spells memorised:
                  | Sandblast, Passwall, Stone Arrow, Petrify, Brom's
                  | Barrelling Boulder.
     0 | D:1      | Reached XP level 1. HP: 15/15 MP: 0/0
   168 | D:1      | Reached XP level 2. HP: 19/21 MP: 0/0
   712 | D:1      | Reached XP level 3. HP: 23/25 MP: 0/0
   712 | D:1      | Learned a level 1 spell: Slow
   846 | D:2      | Reached XP level 4. HP: 22/31 MP: 0/0
  1139 | D:2      | You are sucked into a shaft and drop 2 floors!
  1146 | D:4      | Noticed an acid dragon
  1206 | D:4      | Noticed a black bear
  1213 | D:4      | Killed a black bear
  1214 | D:4      | Reached XP level 5. HP: 29/35 MP: 0/0
  1214 | D:4      | Learned a level 2 spell: Scorch
  1254 | D:4      | Reached skill level 5 in Spellcasting
  1254 | D:4      | Reached skill level 5 in Conjurations
  1254 | D:4      | Reached skill level 5 in Hexes
  1254 | D:4      | Reached skill level 5 in Summonings
  1254 | D:4      | Reached skill level 5 in Necromancy
  1254 | D:4      | Reached skill level 5 in Translocations
  1254 | D:4      | Reached skill level 5 in Fire Magic
  1254 | D:4      | Reached skill level 5 in Ice Magic
  1254 | D:4      | Reached skill level 5 in Air Magic
  1254 | D:4      | Reached skill level 5 in Earth Magic
  1254 | D:4      | Reached skill level 5 in Alchemy
  1300 | D:4      | Reached XP level 6. HP: 33/40 MP: 0/0
  1303 | D:4      | Found a sand-covered staircase.
  1312 | Ossuary  | Entered an ossuary
  1443 | Ossuary  | Slain by a bullfrog simulacrum

Illustrated notes

Levels and vault maps discovered:
D:1:      nicolae_arrival_washed_ashore, layout_basic
D:2:      layout_basic, patterned_corridor
D:4:      layout_basic, riverfiend_overflow_shadow_ancestor,
          minmay_temple_entry_drinking_statues,
          mainiacjoe_ossuary_entry_find_the_door, corner_web_ring
Ossuary:  ossuary_zaba_two_paths

Skill      XL: |  1  2  3  4  5 |
---------------+----------------+-----
Spellcasting   | 4 5 |  5.4
Conjurations   | 4 5 |  5.4
Hexes          | 4 5 |  5.4
Summonings     | 4 5 |  5.4
Necromancy     | 4 5 |  5.4
Translocations | 4 5 |  5.4
Fire Magic     | 4 5 |  5.4
Ice Magic      | 4 5 |  5.4
Air Magic      | 4 5 |  5.4
Earth Magic    | 4 5 |  5.4
Alchemy        | 4 5 |  5.4
Dodging        | |  2.1
Stealth        | |  1.5

Action                     |  1- 3 |  4- 6 || total
---------------------------+-------+-------++-------
  Melee: Unarmed           |     1 |     1 ||     2
   Cast: Sandblast         |    41 |    34 ||    75
         Stone Arrow       |       |     3 ||     3
    Use: Scroll            |       |     1 ||     1
   Stab: Sleeping          |       |     1 ||     1
 Armour: Robe              |    10 |    11 ||    21
  Dodge: Dodged            |     8 |     6 ||    14

Table legend: (Time is in decaauts)
 A = Elapsed time spent in this place.
 B = Non-inter-level travel time spent in this place.
 C = Inter-level travel time spent in this place.
 D = Time resting spent in this place.
 E = Time spent auto-exploring this place.
 F = Levels seen in this place.
 G = Mean time per level.
                   A        B        C        D        E       F      G
               +--------+--------+--------+--------+--------+-----+--------+
         Total |   1479 |   1338 |    141 |     22 |   1039 |   4 |  369.8 |
       Dungeon |   1338 |   1197 |    141 |     22 |    953 |   3 |  446.0 |
       Ossuary |    141 |    141 |      0 |      0 |     86 |   1 |  141.0 |
               +--------+--------+--------+--------+--------+-----+--------+

Top non-repeatable levels by time:
     D:1: 798 daAuts
     D:2: 362 daAuts
     D:4: 178 daAuts
 Ossuary: 141 daAuts
